 Dungeon Crawl Stone Soup version 0.21-a0-85-ga0cb861 (webtiles) character file.

1075 nikopol the Magician (level 8, -7/42 HPs)
             Began as a Deep Elf Fire Elementalist on June 25, 2017.
             Mangled by a phantom (9 damage)
             ... on level 4 of the Dungeon.
             The game lasted 00:18:56 (4401 turns).

nikopol the Magician (Deep Elf Fire Elementalist)   Turns: 4401, Time: 00:18:57

Health: -7/42      AC:  5    Str:  8    XL:     8   Next: 8%
Magic:  10/21      EV: 13    Int: 25    God:
Gold:   173        SH:  0    Dex: 15    Spells: 11/22 levels left

rFire    . . .     SeeInvis .   d - +0 dagger
rCold    . . .     Gourm    .   (no shield)
rNeg     . . .     Faith    .   a - +0 robe
rPois    .         Spirit   .   f - +1 hat
rElec    .         Reflect  .   (no cloak)
rCorr    .         Harm     .   q - +1 pair of gloves {Str+3}
MR       .....                  (no boots)
Stlth    +++.......             (no amulet)
HPRegen  0.14/turn              e - +2 ring of intelligence
MPRegen  0.17/turn              (no ring)

@: no status effects
A: no striking features
a: no special abilities


You were on level 4 of the Dungeon.
You were not hungry.

You visited 1 branch of the dungeon, and saw 4 of its levels.

You collected 173 gold pieces.

Inventory:

Hand Weapons
 d - a +0 dagger (weapon)
Armour
 a - a +0 robe (worn)
 f - a +1 hat (worn)
 q - a +1 pair of gloves of strength (worn)
Jewellery
 e - a +2 ring of intelligence (left hand)
Wands
 p - a wand of lightning (9/15)
Scrolls
 j - a scroll of identify
 k - a scroll of enchant weapon {unknown}
 n - 2 scrolls of enchant armour
Potions
 i - a potion of mutation {unknown}
 l - 2 potions of curing
 m - a potion of lignification {unknown}
 o - a potion of ambrosia {unknown}
 r - 3 potions of heal wounds {unknown}
 u - a potion of haste {unknown}
 v - a potion of degeneration {unknown}
Books
 b - a book of Flames

   Spells                             Type                      Level
   a - Flame Tongue                   Conjuration/Fire             1
   b - Throw Flame                    Conjuration/Fire             2
   c - Conjure Flame                  Conjuration/Fire             3
   d - Inner Flame                    Hexes/Fire                   3
   e - Sticky Flame                   Conjuration/Fire             4
   f - Fireball                       Conjuration/Fire             5
Comestibles
 c - 4 bread rations
 g - a meat ration
 h - 2 royal jellies


   Skills:
 + Level 0.4 Fighting
 + Level 3.3 Dodging
 + Level 3.7 Stealth
 + Level 7.8 Spellcasting
 + Level 4.7 Conjurations
 + Level 6.8 Fire Magic


You had 11 spell levels left.
You knew the following spells:

 Your Spells              Type           Power        Failure   Level  Hunger
a - Flame Tongue          Conj/Fire      #####        1%          1    None
b - Throw Flame           Conj/Fire      #####.       1%          2    None
c - Conjure Flame         Conj/Fire      #####...     1%          3    None
d - Fireball              Conj/Fire      #####.....   16%         5    #####..


Dungeon Overview and Level Annotations

Branches:
Dungeon (4/15)
 Temple: D:4-7

Altars:
Okawaru
Wu Jian


Message History

The flame tongue hits the phantom.
The phantom appears unharmed.
The phantom hits you.
* * * LOW HITPOINT WARNING * * *
The phantom blinks!
Casting: Flame Tongue
Confirm with . or Enter, or press ? or * to list all spells.
Aiming: Flame Tongue
Press: ? - help, Shift-Dir - straight line, f/p - phantom
Aim: a phantom The flame tongue hits the phantom.
The phantom is moderately damaged.
Casting: Flame Tongue
Confirm with . or Enter, or press ? or * to list all spells.
Aiming: Flame Tongue
Press: ? - help, Shift-Dir - straight line, f/p - phantom
Aim: a phantom (moderately damaged)
The flame tongue hits the phantom.
The phantom is moderately damaged.
The phantom hits you!
You die...

##.....###.........+
.#.....##..........# .###'#.
##...o###......##'###........
.#....# #......##.###........
##....# ######................
......# #######.###........##
.....).. ....................#
..##.)...#########.##.#.......#
..
#..%..'....)ยง@W............#
..#.....###.##..)......#
..'....................#
..#....o###.#.[........#
#......<.W....[......#
###'#...#.....###...##
#.........[[###.###
#........#......#
##.....[.#)######


You could see a phantom.

Vanquished Creatures
  The ghost of grindst0ne the Shield-Bearer, a novice FoFi (D:4)
  An orc warrior (D:4)
  A phantom (D:4)
  2 elf zombies (D:4)
  An elf skeleton (D:4)
  2 orc priests (D:4)
  A bullfrog skeleton (D:4)
  A hound (D:3)
  A human zombie (D:4)
  An iguana (D:4)
  4 orc wizards (D:4)
  A worker ant (D:4)
  3 adders
  2 oozes (D:1)
  2 worms
  2 dart slugs
  A leopard gecko (D:3)
  13 orcs
  7 giant cockroaches
  5 hobgoblins
  8 jackals
  4 quokkas
  2 bats
  4 frilled lizards
  10 goblins
  7 kobolds
  2 orc skeletons (D:4)
  9 rats
98 creatures vanquished.

Notes
Turn   | Place    | Note
-------+----------+-------------------------------------------
     0 | D:1      | nikopol the Deep Elf Fire Elementalist began the quest for the Orb.
     0 | D:1      | Reached XP level 1. HP: 10/10 MP: 6/6
   209 | D:1      | Reached XP level 2. HP: 15/15 MP: 5/8
   451 | D:1      | Reached XP level 3. HP: 19/19 MP: 3/9
   617 | D:1      | Learned a level 2 spell: Throw Flame
   621 | D:1      | Learned a level 3 spell: Conjure Flame
  1798 | D:2      | Reached XP level 4. HP: 24/24 MP: 9/11
  2183 | D:3      | Reached skill level 4 in Spellcasting
  2506 | D:3      | Reached XP level 5. HP: 28/28 MP: 10/13
  2513 | D:3      | Learned a level 5 spell: Fireball
  2651 | D:3      | Found an iron altar of Okawaru.
  2842 | D:4      | Noticed grindst0ne's ghost (novice FoFi)
  2854 | D:4      | Killed grindst0ne's ghost
  2854 | D:4      | Reached skill level 5 in Spellcasting
  2854 | D:4      | Reached skill level 5 in Fire Magic
  2854 | D:4      | Reached XP level 6. HP: 2/32 MP: 0/16
  3159 | D:4      | Found an ornate altar of the Wu Jian Council.
  3227 | D:4      | Noticed an orc warrior
  3279 | D:4      | Reached skill level 6 in Spellcasting
  3415 | D:4      | Reached XP level 7. HP: 25/36 MP: 3/18
  4068 | D:4      | Reached skill level 7 in Spellcasting
  4395 | D:4      | Reached XP level 8. HP: 8/42 MP: 12/21
  4396 | D:4      | HP: 2/42 [phantom (6)]
  4401 | D:4      | Mangled by a phantom

Vault maps used:
D:1:      lightli_arrival_statuegarden
D:3:      kb_forest_paths, nicolae_gozag_seed_capital, kennysheep_slug_shrine,
          nicolae_overflow_hidden_temple, minmay_fountain_box, glass_columns_c
D:4:      kennysheep_mini, nicolae_ossuary_entry_catacombs

Skill      XL: |  1  2  3  4  5  6  7 |
---------------+----------------------+-----
Fire Magic     | 4 5 6 |  6.8
Spellcasting   | 4 5 6 7 |  7.8
Conjurations   | 2 3 4 |  4.7
Stealth        | 3 |  3.7
Dodging        | 3 |  3.3
Fighting       | |  0.4

Action                   |  1- 3 |  4- 6 |  7- 9 || total
-------------------------+-------+-------+-------++-------
Melee: Dagger            |     1 |       |       ||     1
 Cast: Flame Tongue      |    72 |    66 |    75 ||   213
       Throw Flame       |       |    18 |     6 ||    24
       Conjure Flame     |       |     4 |     1 ||     5
       Fireball          |       |       |     2 ||     2
  Use: Scroll            |       |     6 |       ||     6
  Eat: Chunk             |     2 |     6 |     1 ||     9
       Royal jelly       |       |       |     1 ||     1
Armor: Robe              |     5 |     5 |     8 ||    18
Dodge: Dodged            |    14 |     9 |    23 ||    46
